[ AOE2 MATCH · #508150137 ]
UnrankedKhmer vs Persians
Player's team · LOSS
Rival team · WIN
[ REPLAY ANALYSIS · EXTRACTED FROM THE RECORDED GAME ]
Feudal
9:58
Castle
27:07
Imperial
46:49
| APM avg | 102.4 |
| APM peak | 145 |
| eAPM avg | 43.9 |
| Villagers / military | 165 / 94 |
Focus
⚔️ 7.3% · 🌾 92.7%
Knight ×64 · Scout Cavalry ×16 · Monk ×8 · Trebuchet (Packed) ×6
Feudal
18:40
Castle
25:01
Imperial
48:09
| APM avg | 27.4 |
| APM peak | 76 |
| eAPM avg | 21.3 |
| Villagers / military | 181 / 47 |
Focus
⚔️ 29.2% · 🌾 70.8%
Knight ×41 · Monk ×3 · War Elephant ×2 · Battering Ram ×1
Match map
Initial resources + every placement click. Lines = walls · curves = elevation contours. ◆ gold · ⬟ stone · ● berries · ✦ relic · ◌ wall gap
Your base· Open — unwalled flank
天才's base· Open — unwalled flank
Smoothed initial terrain · ◌ = detected wall gap · hover for details
Inputs per minute
— El Tlacuache - - 天才
Build order — El Tlacuache
First 150 of 290 actions detected
| 0:01 | Queue | Villager (Male) ×4 |
| 0:03 | Build | House |
| 0:04 | Build | House |
| 1:25 | Queue | Villager (Male) |
| 1:25 | Queue | Villager (Male) |
| 1:54 | Build | Lumber Camp |
| 2:00 | Queue | Villager (Male) |
| 2:00 | Queue | Villager (Male) |
| 2:13 | Queue | Villager (Male) |
| 2:13 | Queue | Villager (Male) |
| 2:44 | Queue | Villager (Male) |
| 2:44 | Queue | Villager (Male) |
| 3:04 | Queue | Villager (Male) |
| 3:46 | Queue | Villager (Male) |
| 3:46 | Queue | Villager (Male) |
| 3:50 | Build | House |
| 4:24 | Queue | Villager (Male) |
| 4:24 | Queue | Villager (Male) |
| 4:37 | Queue | Villager (Male) |
| 4:38 | Queue | Villager (Male) |
| 4:41 | Queue | Villager (Male) |
| 4:41 | Queue | Villager (Male) |
| 4:49 | Queue | Villager (Male) |
| 4:49 | Queue | Villager (Male) |
| 4:49 | Queue | Villager (Male) |
| 5:00 | Build | Mill |
| 5:57 | Build | House |
| 6:15 | Queue | Villager (Male) |
| 6:16 | Queue | Villager (Male) |
| 6:16 | Queue | Villager (Male) |
| 6:17 | Queue | Villager (Male) |
| 6:18 | Queue | Villager (Male) |
| 6:21 | Queue | Villager (Male) |
| 6:25 | Queue | Villager (Male) |
| 6:26 | Queue | Villager (Male) |
| 6:26 | Queue | Villager (Male) |
| 6:36 | Queue | Villager (Male) |
| 6:36 | Queue | Villager (Male) |
| 7:04 | Research | Loom |
| 7:48 | Research | Feudal Age |
| 9:58 | Age | Feudal Age |
| 10:16 | Queue | Villager (Male) ×5 |
| 12:08 | Build | Town Center |
| 13:04 | Queue | Villager (Male) ×5 |
| 13:04 | Queue | Villager (Male) ×5 |
| 13:04 | Queue | Villager (Male) ×5 |
| 13:06 | Build | House |
| 13:08 | Build | House |
| 13:12 | Build | House |
| 13:35 | Queue | Villager (Male) |
| 14:54 | Build | Lumber Camp |
| 14:56 | Queue | Villager (Male) |
| 16:13 | Build | Stable |
| 16:32 | Build | Town Center |
| 16:41 | Build | Lumber Camp |
| 16:43 | Queue | Scout Cavalry ×5 |
| 16:44 | Queue | Scout Cavalry ×5 |
| 16:44 | Queue | Scout Cavalry ×5 |
| 16:46 | Build | House |
| 17:31 | Build | House |
| 17:43 | Build | Farm |
| 17:45 | Build | Farm |
| 17:47 | Build | Farm |
| 17:58 | Build | House |
| 18:01 | Build | Farm |
| 18:05 | Build | Farm |
| 18:27 | Build | Farm |
| 18:37 | Build | Mining Camp |
| 18:40 | Queue | Villager (Male) |
| 19:00 | Queue | Villager (Male) |
| 19:00 | Queue | Villager (Male) |
| 19:35 | Queue | Villager (Male) |
| 19:44 | Build | Market |
| 19:53 | Queue | Villager (Male) |
| 19:54 | Queue | Villager (Male) |
| 20:04 | Queue | Villager (Male) |
| 20:04 | Queue | Villager (Male) |
| 20:36 | Queue | Villager (Male) |
| 20:48 | Build | Mining Camp |
| 21:12 | Queue | Villager (Male) |
| 21:13 | Queue | Villager (Male) |
| 21:17 | Build | Farm |
| 21:22 | Build | Farm |
| 21:24 | Build | Farm |
| 21:27 | Build | Farm |
| 21:48 | Build | Lumber Camp |
| 22:03 | Queue | Villager (Male) |
| 22:15 | Queue | Villager (Male) |
| 22:22 | Build | Farm |
| 22:25 | Build | Farm |
| 22:31 | Queue | Villager (Male) |
| 23:15 | Build | House |
| 23:26 | Queue | Villager (Male) |
| 23:44 | Research | Double-Bit Axe |
| 24:27 | Research | Castle Age |
| 24:27 | Research | Castle Age |
| 24:35 | Build | Stable |
| 24:59 | Queue | Scout Cavalry |
| 25:06 | Build | House |
| 25:08 | Queue | Villager (Male) |
| 25:09 | Queue | Villager (Male) |
| 25:09 | Queue | Villager (Male) |
| 25:39 | Build | House |
| 27:07 | Age | Castle Age |
| 27:08 | Build | Mining Camp |
| 27:14 | Queue | Knight ×5 |
| 27:14 | Queue | Knight ×5 |
| 27:14 | Queue | Knight ×5 |
| 27:14 | Queue | Knight ×2 |
| 28:28 | Queue | Villager (Male) |
| 28:28 | Queue | Villager (Male) |
| 28:29 | Queue | Villager (Male) |
| 28:29 | Queue | Villager (Male) |
| 28:29 | Queue | Villager (Male) |
| 28:59 | Queue | Villager (Male) |
| 28:59 | Queue | Villager (Male) |
| 29:00 | Queue | Villager (Male) |
| 29:35 | Build | Town Center |
| 29:50 | Build | Lumber Camp |
| 30:02 | Queue | Villager (Male) |
| 30:02 | Queue | Villager (Male) |
| 30:07 | Queue | Knight |
| 30:07 | Queue | Knight |
| 30:30 | Queue | Knight ×2 |
| 30:31 | Queue | Knight ×2 |
| 30:43 | Build | Lumber Camp |
| 30:57 | Queue | Villager (Male) |
| 30:57 | Queue | Villager (Male) |
| 31:01 | Queue | Villager (Male) |
| 31:02 | Queue | Villager (Male) |
| 31:20 | Build | Mining Camp |
| 31:31 | Build | Farm |
| 31:32 | Queue | Villager (Male) |
| 31:33 | Queue | Villager (Male) |
| 31:43 | Queue | Villager (Male) |
| 31:43 | Queue | Villager (Male) |
| 32:05 | Queue | Villager (Male) |
| 32:06 | Queue | Villager (Male) |
| 32:06 | Queue | Villager (Male) |
| 32:07 | Build | Lumber Camp |
| 32:23 | Build | Watch Tower |
| 32:33 | Queue | Villager (Male) |
| 32:40 | Queue | Knight |
| 32:40 | Queue | Knight |
| 32:57 | Queue | Villager (Male) |
| 33:15 | Build | Mining Camp |
| 33:16 | Queue | Villager (Male) |
| 33:16 | Queue | Villager (Male) |
| 33:28 | Build | Town Center |
| 33:44 | Build | Blacksmith |
Build order — 天才
First 150 of 480 actions detected
| 0:00 | Queue | Villager (Male) |
| 0:00 | Queue | Villager (Male) |
| 0:02 | Build | House |
| 0:03 | Build | House |
| 0:16 | Queue | Villager (Male) |
| 0:16 | Queue | Villager (Male) |
| 0:17 | Queue | Villager (Male) |
| 1:30 | Queue | Villager (Male) |
| 2:16 | Queue | Villager (Male) |
| 2:17 | Queue | Villager (Male) |
| 2:28 | Build | Lumber Camp |
| 2:34 | Queue | Villager (Male) |
| 2:34 | Queue | Villager (Male) |
| 3:19 | Queue | Villager (Male) |
| 3:19 | Queue | Villager (Male) |
| 3:46 | Build | House |
| 3:53 | Queue | Villager (Male) |
| 4:01 | Queue | Villager (Male) |
| 4:10 | Queue | Villager (Male) |
| 4:44 | Queue | Villager (Male) |
| 5:20 | Queue | Villager (Male) |
| 5:45 | Research | Loom |
| 6:35 | Build | Town Center |
| 7:30 | Queue | Villager (Male) |
| 7:30 | Queue | Villager (Male) |
| 7:49 | Queue | Villager (Male) |
| 7:56 | Build | Mill |
| 8:01 | Queue | Villager (Male) |
| 8:01 | Queue | Villager (Male) |
| 8:20 | Build | House |
| 8:53 | Build | House |
| 8:54 | Build | House |
| 9:01 | Queue | Villager (Male) |
| 9:03 | Build | House |
| 9:19 | Queue | Villager (Male) |
| 9:23 | Build | Palisade Wall |
| 9:25 | Build | Palisade Wall |
| 9:29 | Build | Palisade Wall |
| 9:32 | Build | Palisade Wall |
| 9:42 | Queue | Villager (Male) |
| 9:49 | Build | Palisade Wall |
| 9:53 | Build | Palisade Wall |
| 10:00 | Queue | Villager (Male) |
| 10:03 | Build | Palisade Wall |
| 10:07 | Queue | Villager (Male) |
| 10:14 | Build | Palisade Wall |
| 10:22 | Queue | Villager (Male) |
| 10:44 | Queue | Villager (Male) |
| 10:58 | Build | Palisade Wall |
| 11:05 | Queue | Villager (Male) |
| 11:14 | Build | Palisade Wall |
| 11:59 | Queue | Villager (Male) |
| 12:40 | Queue | Villager (Male) |
| 12:48 | Build | Palisade Wall |
| 12:50 | Build | Palisade Wall |
| 13:01 | Queue | Villager (Male) |
| 13:49 | Build | Town Center |
| 14:28 | Queue | Villager (Male) |
| 14:28 | Queue | Villager (Male) |
| 15:11 | Queue | Villager (Male) |
| 15:29 | Queue | Villager (Male) |
| 15:32 | Build | Farm |
| 15:34 | Build | Farm |
| 15:36 | Build | Farm |
| 15:38 | Build | Farm |
| 15:49 | Build | Mill |
| 16:03 | Queue | Villager (Male) |
| 16:09 | Build | House |
| 16:36 | Research | Feudal Age |
| 16:44 | Build | Lumber Camp |
| 17:04 | Build | Mining Camp |
| 17:27 | Build | House |
| 17:57 | Build | Palisade Wall |
| 17:58 | Build | Palisade Wall |
| 17:59 | Build | Palisade Wall |
| 18:00 | Build | Palisade Wall |
| 18:04 | Build | Palisade Wall |
| 18:05 | Build | Palisade Wall |
| 18:06 | Build | Palisade Wall |
| 18:13 | Build | Palisade Wall |
| 18:14 | Build | Palisade Wall |
| 18:17 | Build | Palisade Wall |
| 18:19 | Build | Palisade Wall |
| 18:25 | Queue | Villager (Male) |
| 18:25 | Queue | Villager (Male) |
| 18:40 | Age | Feudal Age |
| 18:52 | Research | Double-Bit Axe |
| 19:00 | Build | Farm |
| 19:02 | Build | Farm |
| 19:08 | Build | Market |
| 19:15 | Queue | Villager (Male) |
| 19:21 | Build | Blacksmith |
| 19:23 | Build | Palisade Wall |
| 19:30 | Build | Farm |
| 19:33 | Build | Farm |
| 19:36 | Build | Farm |
| 19:37 | Queue | Villager (Male) |
| 19:55 | Build | Watch Tower |
| 19:57 | Build | Palisade Wall |
| 20:00 | Build | Palisade Wall |
| 20:02 | Build | Palisade Wall |
| 20:06 | Build | Palisade Wall |
| 20:21 | Build | Palisade Wall |
| 20:22 | Build | Palisade Wall |
| 20:23 | Build | Palisade Wall |
| 20:45 | Queue | Villager (Male) |
| 22:11 | Build | Farm |
| 22:36 | Research | Castle Age |
| 22:36 | Research | Castle Age |
| 22:41 | Build | Watch Tower |
| 22:47 | Build | Watch Tower |
| 22:50 | Build | Palisade Wall |
| 22:54 | Build | Palisade Wall |
| 22:55 | Build | Palisade Wall |
| 23:13 | Build | Farm |
| 23:16 | Build | Farm |
| 23:23 | Build | Palisade Wall |
| 23:26 | Build | Palisade Wall |
| 23:30 | Build | Palisade Wall |
| 23:32 | Build | Palisade Wall |
| 23:37 | Build | Palisade Wall |
| 23:46 | Research | Fletching |
| 23:48 | Queue | Villager (Male) |
| 23:52 | Build | Farm |
| 24:06 | Build | Watch Tower |
| 24:09 | Build | Palisade Wall |
| 24:09 | Build | Palisade Wall |
| 24:10 | Build | Palisade Wall |
| 24:11 | Build | Palisade Wall |
| 24:30 | Build | Watch Tower |
| 24:38 | Build | Palisade Wall |
| 25:01 | Age | Castle Age |
| 25:05 | Queue | Villager (Male) |
| 25:22 | Build | University |
| 25:26 | Research | Bow Saw |
| 25:34 | Queue | Villager (Male) |
| 25:35 | Queue | Villager (Male) |
| 25:50 | Build | Palisade Wall |
| 25:53 | Build | House |
| 25:56 | Build | Palisade Wall |
| 25:58 | Build | House |
| 26:00 | Build | Palisade Wall |
| 26:12 | Build | Palisade Wall |
| 26:22 | Queue | Villager (Male) |
| 26:31 | Research | Bodkin Arrow |
| 26:56 | Research | Murder Holes |
| 26:56 | Research | Murder Holes |
| 27:35 | Queue | Villager (Male) |
| 27:35 | Queue | Villager (Male) |
| 28:11 | Research | Guard Tower (upgrade) |
Match timeline
| 9:23 | 天才 · wall_segment Palisade Wall x1 |
| 9:25 | 天才 · wall_segment Palisade Wall x1 |
| 9:29 | 天才 · wall_segment Palisade Wall x1 |
| 9:32 | 天才 · wall_segment Palisade Wall x1 |
| 9:49 | 天才 · wall_segment Palisade Wall x1 |
| 9:53 | 天才 · wall_segment Palisade Wall x1 |
| 9:58 | El Tlacuache · age_up feudal |
| 10:03 | 天才 · wall_segment Palisade Wall x1 |
| 10:14 | 天才 · wall_segment Palisade Wall x1 |
| 10:58 | 天才 · wall_segment Palisade Wall x1 |
| 11:14 | 天才 · wall_segment Palisade Wall x1 |
| 12:48 | 天才 · wall_segment Palisade Wall x1 |
| 12:50 | 天才 · wall_segment Palisade Wall x1 |
| 16:13 | El Tlacuache · first_building Stable |
| 17:57 | 天才 · wall_segment Palisade Wall x1 |
| 17:58 | 天才 · wall_segment Palisade Wall x1 |
| 17:59 | 天才 · wall_segment Palisade Wall x1 |
| 18:00 | 天才 · wall_segment Palisade Wall x1 |
| 18:04 | 天才 · wall_segment Palisade Wall x1 |
| 18:05 | 天才 · wall_segment Palisade Wall x1 |
| 18:06 | 天才 · wall_segment Palisade Wall x1 |
| 18:13 | 天才 · wall_segment Palisade Wall x1 |
| 18:14 | 天才 · wall_segment Palisade Wall x1 |
| 18:17 | 天才 · wall_segment Palisade Wall x1 |
| 18:19 | 天才 · wall_segment Palisade Wall x1 |
| 18:40 | 天才 · age_up feudal |
| 19:23 | 天才 · wall_segment Palisade Wall x1 |
| 19:57 | 天才 · wall_segment Palisade Wall x1 |
| 20:00 | 天才 · wall_segment Palisade Wall x1 |
| 20:02 | 天才 · wall_segment Palisade Wall x1 |
| 20:06 | 天才 · wall_segment Palisade Wall x1 |
| 20:21 | 天才 · wall_segment Palisade Wall x1 |
| 20:22 | 天才 · wall_segment Palisade Wall x1 |
| 20:23 | 天才 · wall_segment Palisade Wall x1 |
| 21:19 | 天才 · first_market_sell 100 wood |
| 22:50 | 天才 · wall_segment Palisade Wall x1 |
| 22:54 | 天才 · wall_segment Palisade Wall x1 |
| 22:55 | 天才 · wall_segment Palisade Wall x1 |
| 23:18 | El Tlacuache · first_market_buy 100 food |
| 23:23 | 天才 · wall_segment Palisade Wall x1 |
| 23:26 | 天才 · wall_segment Palisade Wall x1 |
| 23:30 | 天才 · wall_segment Palisade Wall x1 |
| 23:32 | 天才 · wall_segment Palisade Wall x1 |
| 23:37 | 天才 · wall_segment Palisade Wall x1 |
| 23:58 | El Tlacuache · first_market_sell 500 wood |
| 24:09 | 天才 · wall_segment Palisade Wall x1 |
| 24:09 | 天才 · wall_segment Palisade Wall x1 |
| 24:10 | 天才 · wall_segment Palisade Wall x1 |
| 24:11 | 天才 · wall_segment Palisade Wall x1 |
| 24:38 | 天才 · wall_segment Palisade Wall x1 |
| 25:01 | 天才 · age_up castle |
| 25:50 | 天才 · wall_segment Palisade Wall x1 |
| 25:56 | 天才 · wall_segment Palisade Wall x1 |
| 26:00 | 天才 · wall_segment Palisade Wall x1 |
| 26:12 | 天才 · wall_segment Palisade Wall x1 |
| 27:07 | El Tlacuache · age_up castle |
| 29:04 | 天才 · wall_segment Palisade Wall x1 |
| 29:07 | 天才 · wall_segment Palisade Wall x1 |
| 35:28 | 天才 · first_building Barracks |
| 36:57 | 天才 · first_building Stable |
| 37:34 | El Tlacuache · first_building Monastery |
| 37:54 | 天才 · first_building Monastery |
| 41:07 | 天才 · wall_segment Palisade Wall x1 |
| 41:32 | 天才 · first_market_buy 100 stone |
| 41:45 | 天才 · first_building Castle |
| 46:38 | El Tlacuache · first_building Castle |
| 46:49 | El Tlacuache · age_up imperial |
| 48:09 | 天才 · age_up imperial |
| 48:28 | 天才 · first_building Siege Workshop |
| 52:59 | El Tlacuache · resign |
[ AI ANALYSIS · 1 CREDIT ]
What really happened in this match?
Wolo.gg analyzes every decision: build order, eco, micro, common mistakes by bracket. Personalized analysis on WhatsApp or Discord in 30 seconds.
Civ guide
Khmer
Perfil
Jugador #16396358